 Dungeon Crawl Stone Soup version 0.31-a0-691-g409c26aa35 (webtiles) character file.

Game seed: 9334193308640632468

263 qw the Shooter (level 6, -1/39 HPs)
             Began as a Gargoyle Hunter on Sept 6, 2023.
             Slain by Pikel
             ... wielding a +1 whip of flaming
              (11 damage)
             ... on level 4 of the Dungeon.
             The game lasted 00:00:59 (2117 turns).

qw the Shooter (Gargoyle Hunter)                    Turns: 2117, Time: 00:01:00

Health: -1/39      AC:  8    Str: 15    XL:     6   Next: 19%
Magic:  6/6        EV: 11    Int:  9    God:
Gold:   29         SH:  5    Dex: 15    Spells: 5/5 levels left

rFire   . . .        Y - +3 shortbow
rCold   . . .        (shield currently unavailable)
rNeg    + . .        c - +0 leather armour
rPois   inf          j - +0 helmet
rElec   +            (no cloak)
rCorr   .            (no gloves)
SInv    .            (no boots)
Will    .....        i - amulet of reflection
Stlth   ++           (no ring)
HPRegen 0.26/turn    (no ring)
MPRegen 0.10/turn

%: reflection
@: no status effects
A: sickness immunity, AC +4, negative energy resistance 1, electricity
resistance, torment resistance 1, petrification resistance
a: no special abilities


You were on level 4 of the Dungeon.
You visited 1 branch of the dungeon, and saw 4 of its levels.

You collected 181 gold pieces.
You spent 152 gold pieces at shops.


Innate Abilities, Weirdness & Mutations

You are immune to sickness and miasma.
Your stone body is resilient. (AC +4)
You are immune to poison.
You resist negative energy. (rN+)
You are resistant to electric shocks. (rElec)
You are resistant to unholy torment.
You are immune to petrification.


   Skills:
 - Level 4.4 Fighting
 + Level 6.2 Ranged Weapons
 - Level 1.0 Armour
 - Level 1.5 Dodging
 - Level 1.1 Stealth


You had 5 spell levels left.
You didn't know any spells.
Your spell library was empty.

Inventory:

Hand Weapons
 Y - a +3 shortbow (weapon)
Armour
 c - a +0 leather armour (worn)
 e - a +0 ring mail
 j - a +0 helmet (worn)
Jewellery
 h - an amulet of magic regeneration
 i - an amulet of reflection (around neck)
Scrolls
 a - 2 scrolls of identify
 b - a scroll of amnesia {unknown}
Potions
 d - 2 potions of curing
 f - a potion of heal wounds
 g - a potion of enlightenment {unknown}
 k - a potion of attraction {unknown}
 l - a potion of haste {unknown}
 m - a potion of brilliance {unknown}

Dungeon Overview and Level Annotations

Branches:
Dungeon (3/15)

Altars:
Cheibriados

Shops:
D:2 *   D:3 *:[!

Annotations:
D:4 Pikel


Message History

2110 |||
Found retreat position at -2,-4 (floor) with 0 blocking monsters and 1 monsters attacking at destination at distance 4
Enter note:
Enter note:
2110 ||| Stepping ~*~*~tactically~*~*~ (retreating).
Pikel attacks as he pursues you!
Pikel hits you with a +1 whip of flaming.
Pikel burns you. The lemure hits you.
Enter note:
Enter note:
2111 |||
Found retreat position at -2,-3 (floor) with 0 blocking monsters and 1 monsters attacking at destination at distance 3
2111 ||| DRINKING 2 potions of heal wounds.
You feel much better.
Pikel hits you with a +1 whip of flaming.
Pikel burns you. The lemure barely misses you.
2112 |||
Found retreat position at -2,-3 (floor) with 0 blocking monsters and 1 monsters attacking at destination at distance 3
2112 ||| Stepping ~*~*~tactically~*~*~ (retreating).
Pikel attacks as he pursues you! Pikel barely misses you.
Enter note:
Enter note:
2113 |||
Found retreat position at -1,-2 (floor) with 0 blocking monsters and 1 monsters attacking at destination at distance 2
2113 ||| Stepping ~*~*~tactically~*~*~ (retreating).
Enter note:
Enter note:
2114 |||
Found retreat position at 0,-1 (floor) with 0 blocking monsters and 1 monsters attacking at destination at distance 1
2114 ||| Stepping ~*~*~tactically~*~*~ (retreating).
Pikel attacks as he pursues you! Pikel barely misses you.
You shoot an arrow. The arrow hits Pikel.
Pikel is moderately wounded.
Pikel hits you with a +1 whip of flaming!
Pikel burns you.
You shoot an arrow. The arrow hits Pikel.
Pikel is heavily wounded.
Pikel closely misses you.
You shoot an arrow. The arrow closely misses Pikel.
The arrow barely misses the lemure.
Pikel hits you with a +1 whip of flaming!
Pikel burns you.
Pikel hits you with a +1 whip of flaming!
You die...
Pikel says, "Another soul for the market."

.........# #.......
..####...###..####. #
#........# #. ##.######
#..##....## #.
........###..##.....# #.
........'....##.....###.
........####.##......##.
...####.# #...........<
# #@# #####.....###
##K#########....#
#.55..........#.#
#..#............#
#..#.#.##.......#
#..#.#.##.....#.##
#................#
#.####.#.........#
...#..............##


You could see Pikel and 2 lemures.

Vanquished Creatures
  A lemure (D:4)
  A scorpion (D:4)
  A jelly (D:3)
  An orc priest (D:3)
  Robin (D:2)
  5 adders
  2 worms
  3 dart slugs (D:1)
  2 orcs (D:3)
  4 ball pythons
  4 bats
  6 endoplasms
  3 giant cockroaches
  17 goblins
  9 hobgoblins
  A kobold (D:2)
  7 quokkas
  A frilled lizard (D:3)
  5 rats
74 creatures vanquished.

Notes
Turn   | Place    | Note
-------+----------+-------------------------------------------
     0 | D:1      | qw the Gargoyle Hunter began the quest for the Orb.
     0 | D:1      | Reached XP level 1. HP: 12/12 MP: 1/1
     0 | D:1      | 0 ||| qw: Version: 0.3-a-76-g4403597
     0 | D:1      | 0 ||| qw: Game counter: 226
     0 | D:1      | 0 ||| qw: Melee chars always use a shield: true
     0 | D:1      | 0 ||| qw: God list: Okawaru
     0 | D:1      | 0 ||| qw: Allow faded altars: false
     0 | D:1      | 0 ||| qw: Do Orc after clearing Dungeon:15 true
     0 | D:1      | 0 ||| qw: Do second Lair branch before Depths: true
     0 | D:1      | 0 ||| qw: Lair rune preference: random
     0 | D:1      | 0 ||| qw: Goals: Normal
     0 | D:1      | 0 ||| PLANNING D:1-11
    91 | D:1      | Reached XP level 2. HP: 17/17 MP: 2/2
   286 | D:1      | Reached XP level 3. HP: 16/21 MP: 3/3
   391 | D:1      | Reached skill level 5 in Ranged Weapons
   548 | D:1      | 548 ||| UPGRADING to amulet of reflection.
   553 | D:1      | 553 ||| READING scroll labelled WAYNECL CU FIL.
   654 | D:1      | 654 ||| READING scroll labelled NEOVVI CONAOCA.
   655 | D:1      | 655 ||| READING scroll labelled KAAPPEUD JYPUA.
   656 | D:1      | 656 ||| READING scroll labelled BOHERAMENI.
   657 | D:1      | 657 ||| DROPPING scroll of butterflies.
   666 | D:2      | 666 ||| STAIRDANCE
   675 | D:2      | Reached skill level 3 in Fighting
   847 | D:2      | Reached XP level 4. HP: 28/28 MP: 4/4
   858 | D:2      | 858 ||| READING 2 scrolls of enchant weapon.
   858 | D:2      | 858 ||| ENCHANTING +1 shortbow.
   859 | D:2      | 859 ||| READING scroll of enchant weapon.
   859 | D:2      | 859 ||| ENCHANTING +2 shortbow.
  1127 | D:2      | Found Geikkiem's Assorted Antiques.
  1137 | D:2      | 1137 ||| BUYING brown potion (22 gold).
  1137 | D:2      | Bought a brown potion for 22 gold pieces
  1137 | D:2      | 1137 ||| BUYING scroll labelled HATEDI FAEGAPE (25 gold).
  1137 | D:2      | Bought a scroll labelled HATEDI FAEGAPE for 25 gold pieces
  1137 | D:2      | 1137 ||| BUYING scroll labelled IMOGI GEFUILU (25 gold).
  1137 | D:2      | Bought a scroll labelled IMOGI GEFUILU for 25 gold pieces
  1137 | D:2      | 1137 ||| BUYING scroll labelled TEIROA ZUTI (25 gold).
  1137 | D:2      | Bought a scroll labelled TEIROA ZUTI for 25 gold pieces
  1137 | D:2      | 1137 ||| SHOPLISTING scroll labelled YXTEDU VIKHO (25 gold,
                  | have 18).
  1187 | D:2      | Noticed Robin
  1194 | D:2      | Killed Robin
  1196 | D:2      | HP: 7/28 [hobgoblin[Robin] (1)]
  1201 | D:2      | HP: 5/28 [hobgoblin[Robin] (1)]
  1416 | D:2      | Found a snail-covered altar of Cheibriados.
  1647 | D:2      | 1647 ||| UPGRADING to +0 helmet.
  1652 | D:2      | 1652 ||| READING 2 scrolls labelled IMOGI GEFUILU.
  1653 | D:2      | 1653 ||| READING 2 scrolls labelled HATEDI FAEGAPE.
  1654 | D:2      | 1654 ||| READING scroll labelled ZET WAUTOCW.
  1655 | D:2      | 1655 ||| READING scroll labelled GESSOO WUOTWOO.
  1656 | D:2      | 1656 ||| READING scroll labelled TEIROA ZUTI.
  1657 | D:2      | 1657 ||| DRINKING 3 brown potions.
  1658 | D:2      | 1658 ||| DROPPING scroll of fear.
  1683 | D:3      | Reached XP level 5. HP: 32/32 MP: 5/5
  1715 | D:3      | Reached skill level 6 in Ranged Weapons
  1719 | D:3      | Found Lihof's Distillery.
  1721 | D:3      | Found Acarahyi's Book Emporium.
  1737 | D:3      | 1737 ||| SHOPLISTING 2 potions of resistance (220 gold,
                  | have 41).
  1737 | D:3      | 1737 ||| BUYING potion of curing (33 gold).
  1737 | D:3      | Bought a potion of curing for 33 gold pieces
  1737 | D:3      | 1737 ||| SHOPLISTING potion of curing (33 gold, have 8).
  1853 | D:3      | Found Wulata's General Store.
  1863 | D:3      | 1863 ||| SHOPLISTING potion of heal wounds (55 gold, have
                  | 28).
  1863 | D:3      | 1863 ||| SHOPLISTING potion of resistance (110 gold, have
                  | 28).
  1863 | D:3      | 1863 ||| SHOPLISTING ring "Dopiet" {rPois rC+ Dex+2} (420
                  | gold, have 28).
  1863 | D:3      | 1863 ||| BUYING scroll of identify (22 gold).
  1863 | D:3      | Bought a scroll of identify for 22 gold pieces
  1863 | D:3      | 1863 ||| SHOPLISTING scroll of identify (22 gold, have 6).
  1922 | D:3      | Reached skill level 1 in Armour
  1927 | D:3      | Found Pyosmaghak's Armour Boutique.
  1935 | D:3      | 1935 ||| SHOPLISTING +0 swamp dragon scales (500 gold, have
                  | 6).
  1935 | D:3      | 1935 ||| SHOPLISTING +1 pair of boots of flying (165 gold,
                  | have 6).
  1935 | D:3      | 1935 ||| SHOPLISTING +2 pair of boots of flying (215 gold,
                  | have 6).
  1935 | D:3      | 1935 ||| SHOPLISTING +2 pair of gloves (165 gold, have 6).
  1940 | D:3      | You fall into a shaft and drop 1 floor!
  1944 | D:4      | 1944 ||| PLANNING OSSUARY
  1952 | D:4      | Reached XP level 6. HP: 37/39 MP: 6/6
  2083 | D:4      | Noticed Pikel
  2084 | D:4      | 2084 ||| RETREATING.
  2092 | D:4      | 2092 ||| Stepping ~*~*~tactically~*~*~ (retreating).
  2096 | D:4      | 2096 ||| Stepping ~*~*~tactically~*~*~ (retreating).
  2097 | D:4      | 2097 ||| Stepping ~*~*~tactically~*~*~ (retreating).
  2110 | D:4      | 2110 ||| Stepping ~*~*~tactically~*~*~ (retreating).
  2110 | D:4      | HP: 7/39 [lemure[Pikel] (4)]
  2111 | D:4      | 2111 ||| DRINKING 2 potions of heal wounds.
  2112 | D:4      | 2112 ||| Stepping ~*~*~tactically~*~*~ (retreating).
  2113 | D:4      | 2113 ||| Stepping ~*~*~tactically~*~*~ (retreating).
  2114 | D:4      | 2114 ||| Stepping ~*~*~tactically~*~*~ (retreating).
  2117 | D:4      | Slain by Pikel

Levels and vault maps discovered:
D:1:      heliophobic_arrival_glass_houses, layout_basic
D:2:      wad_lake_hut, layout_basic, basic_altar, serial_shops, shop,
          uniq_robin
D:3:      layout_loops_cross, serial_shops, nicolae_shop_just_a_little_nook,
          nicolae_shop_peninsula, nicolae_shop_statue_plus, shop,
          nicolae_shop_pleasant_corner_grove
D:4:      layout_basic, nicolae_ossuary_entry_catacombs, uniq_natasha,
          uniq_crazy_yiuf_cottage, uniq_pikel

Skill      XL: |  1  2  3  4  5 |
---------------+----------------+-----
Ranged Weapons | 5 6 |  6.2
Fighting       | 3 4 |  4.4
Armour         | 1 |  1.0
Dodging        | |  1.5
Stealth        | |  1.1

Action                     |  1- 3 |  4- 6 || total
---------------------------+-------+-------++-------
   Fire: Shortbow          |    80 |   143 ||   223
    Use: Scroll            |     4 |     7 ||    11
         Potion            |       |     2 ||     2
 Armour: Leather armour    |    13 |    51 ||    64
  Dodge: Dodged            |    13 |    43 ||    56
  Block: Other             |       |    10 ||    10

Table legend:
 A = Non-vault XP
 B = Vault XP
 C = Vault XP percentage of total XP
 D = Non-vault monster count
 E = Vault monster count
 F = Vault count percentage of total count
                 A         B        C        D         E       F
            +---------+---------+-------+---------+---------+-------
      Total |     340 |      36 |   9.6 |      61 |      12 |  16.4
            +---------+---------+-------+---------+---------+-------
        D:1 |      60 |       0 |   0.0 |      24 |       0 |   0.0
        D:2 |      56 |      36 |  39.1 |      17 |      12 |  41.4
        D:3 |     121 |       0 |   0.0 |      14 |       0 |   0.0
        D:4 |     103 |       0 |   0.0 |       6 |       0 |   0.0
            +---------+---------+-------+---------+---------+-------
